Map: Catalyst LE

Players

Majestuoso (MajeStic)

  • Race: Protoss Protoss
  • Spawn Location: 5:00

Nerchio - Winner!

  • Race: Zerg Zerg
  • League: Grandmaster
  • Spawn Location: 11:00

Event: WESG Barcelona European Finals 2017

VOD

Have the link to the VOD?

Description

Time

  • Played on: Nov. 24, 2017, 12:20 p.m.
  • Length: 7:56

All games in this series

Show
View Real Time Build Order
Export as new Build Order

Majestuoso Protoss 

Build Orders: 1 Gate Expand, Dark Templar Rush 

Get SALT Encoding   

  12  0:00  Probe  
  13  0:13  Probe  
  14  0:19  Pylon  
  14  0:25  Probe (Chrono Boost)  
  15  0:37  Probe (Chrono Boost)  
  15  0:41  Gateway  
  16  0:46  Probe (Chrono Boost)  
  16  0:49  Assimilator  
  17  0:51  Probe  
  18  1:03  Probe (Chrono Boost)  
  20  1:13  Probe (Chrono Boost)  
  20  1:22  Nexus  
  20  1:32  Cybernetics Core  
  20  1:35  Probe  
  21  1:41  Assimilator  
  21  1:47  Probe  
  22  1:54  Pylon  
  22  1:59  Probe  
  23  2:08  Warp Gate  
  23  2:12  Probe (Chrono Boost), Adept  
  26  2:19  Twilight Council  
  26  2:22  Probe (Chrono Boost)  
  28  2:30  Probe (Chrono Boost)  
  28  2:34  Probe (Chrono Boost)  
  31  2:44  Robotics Facility  
  31  2:45  Probe x2 (Chrono Boost)  
  31  2:48  Probe  
  31  2:51  Probe  
  32  3:00  Probe (Chrono Boost)  
  32  3:04  Dark Shrine  
  34  3:07  Probe (Chrono Boost)  
  34  3:12  Probe (Chrono Boost)  
  35  3:17  Gateway  
  37  3:20  Probe x2 (Chrono Boost)  
  37  3:24  Gateway  
  37  3:26  Probe  
  38  3:31  Probe, Shield Battery  
  37  3:35  Adept (Chrono Boost)  
  39  3:42  Gateway  
  39  3:44  Pylon  
  39  3:47  Gateway  
  39  3:49  Probe  
  39  3:53  Assimilator  
  40  3:59  Probe, Pylon  
  40  4:02  Gateway  
  41  4:03  Probe  
  41  4:04  Assimilator  
  42  4:10  Warp Prism  
  42  4:12  Probe (Chrono Boost)  
  42  4:16  Blink  
  46  4:23  Probe (Chrono Boost)  
  46  4:24  Probe (Chrono Boost), Dark Templar  
  47  4:29  Probe (Chrono Boost), Dark Templar  
  52  4:31  Probe  
  53  4:45  Nexus  
  53  4:50  Pylon  
  53  4:52  Sentry  
  53  4:59  Immortal (Chrono Boost)  
  59  5:00  Sentry  
  59  5:06  Pylon  
  61  5:15  Sentry  
  61  5:16  Sentry  
  61  5:18  Sentry  
  61  5:19  Pylon  
  67  5:26  Gateway  
  67  5:27  Gateway  
  67  5:29  Gateway  
  67  5:31  Gateway  
  67  5:41  Immortal (Chrono Boost)  
  71  5:43  Sentry  
  71  5:47  Pylon  
  73  5:51  Sentry  
  73  5:52  Stalker  
  77  5:57  Pylon  
  77  6:00  Stalker  
  79  6:22  Stalker x2  
  79  6:23  Stalker  
  79  6:24  Stalker  
  87  6:32  Stalker x4  
  71  7:06  Probe x2, Stalker  
  71  7:07  Stalker x6  
  81  7:11  Stalker  
  81  7:12  Probe (Chrono Boost)  
  82  7:18  Probe (Chrono Boost)  
  82  7:19  Probe (Chrono Boost)  
  84  7:24  Probe (Chrono Boost)  
  84  7:25  Forge  
  88  7:31  Shield Battery  
  88  7:32  Probe x2 (Chrono Boost), Shield Battery  
  88  7:33  Probe (Chrono Boost)  
  88  7:36  Probe  
  87  7:39  Probe  
Show
View Real Time Build Order
Export as new Build Order

Nerchio Zerg - Winner!

Build Orders: Hatch First 

Get SALT Encoding   

  12  0:00  Drone  
  13  0:12  Overlord  
  13  0:17  Drone  
  14  0:31  Drone x2  
  14  0:34  Drone  
  17  0:52  Hatchery  
  17  0:55  Drone  
  17  0:59  Drone  
  17  1:04  Extractor  
  17  1:15  Spawning Pool  
  17  1:18  Drone  
  17  1:21  Drone  
  18  1:28  Drone  
  19  1:38  Overlord  
  19  1:50  Drone  
  20  2:01  Queen  
  20  2:03  Metabolic Boost  
  20  2:04  Queen  
  20  2:07  Zergling x2  
  25  2:11  Zergling x2  
  25  2:14  Drone  
  27  2:17  Drone  
  27  2:22  Drone  
  29  2:25  Drone  
  30  2:41  Hatchery  
  30  2:42  Zergling x2  
  30  2:43  Zergling x2  
  31  2:49  Overlord  
  31  2:53  Drone  
  31  2:54  Drone  
  33  3:00  Drone  
  33  3:04  Overlord  
  34  3:10  Drone x4  
  38  3:13  Drone  
  38  3:15  Drone  
  38  3:19  Overlord  
  40  3:26  Queen  
  40  3:28  Drone  
  40  3:30  Drone  
  40  3:32  Drone  
  43  3:35  Drone  
  43  3:39  Lair  
  44  3:42  Drone  
  44  3:43  Drone  
  44  3:45  Drone  
  44  3:47  Drone  
  48  3:52  Roach Warren  
  48  3:55  Drone  
  48  3:56  Drone  
  48  3:58  Drone  
  48  4:01  Drone, Extractor  
  50  4:03  Extractor  
  50  4:06  Drone x3  
  52  4:14  Overlord  
  52  4:16  Drone x2  
  54  4:17  Spore Crawler  
  54  4:23  Overlord  
  53  4:33  Roach  
  53  4:34  Roach x5  
  53  4:36  Roach  
  67  4:39  Roach  
  67  4:42  Overseer  
  67  4:44  Drone x2  
  71  4:46  Overlord  
  71  4:49  Drone x2  
  71  4:50  Drone  
  74  4:55  Glial Reconstitution  
  74  4:58  Drone x2  
  74  4:59  Evolution Chamber  
  75  5:00  Drone  
  75  5:05  Drone x3  
  75  5:07  Drone  
  80  5:08  Drone  
  80  5:12  Drone x2  
  82  5:15  Drone x2  
  82  5:16  Drone  
  82  5:18  Extractor  
  82  5:21  Hydralisk Den  
  83  5:23  Overlord  
  83  5:26  Drone x2  
  83  5:28  Zerg Missile Weapons Level 1  
  85  5:29  Overlord  
  85  5:32  Overlord  
  85  5:38  Overlord  
  85  5:39  Overlord, Extractor  
  84  5:47  Roach x2  
  92  5:50  Roach x4  
  92  5:51  Roach  
  92  5:53  Roach  
  92  5:54  Roach  
  92  5:56  Overlord  
  102  6:01  Hydralisk x2  
  106  6:06  Hydralisk x2  
  106  6:08  Ravager  
  106  6:09  Zergling x4  
  106  6:10  Zergling x2  
  114  6:19  Muscular Augments  
  114  6:23  Hydralisk  
  116  6:26  Hydralisk  
  116  6:27  Zergling x2  
  116  6:28  Zergling x10  
  116  6:32  Overlord  
  120  6:36  Hydralisk x2  
  121  6:44  Hydralisk  
  121  6:45  Zergling x2  
  121  6:46  Zergling x8  
  118  6:49  Hydralisk  
  118  6:51  Zergling x4  
  118  6:52  Zergling x2  
  118  6:53  Zergling x2  
  108  6:56  Hydralisk  
  108  6:57  Zergling x2  
  100  7:02  Hydralisk  
  100  7:05  Zergling x6  
  100  7:08  Drone  
  100  7:13  Drone x3  
  103  7:20  Hydralisk  
  103  7:21  Hydralisk, Drone  
  103  7:22  Drone x2  
  108  7:25  Drone  
  111  7:30  Hydralisk  
Tags
 
Add a new tag
Caveats
  • Supply blocks, unpowered buildings, or Contaminate may cause inaccurate times.
  • Supply counts are checked every 10 seconds.